 Dungeon Crawl Stone Soup version 0.30-a0-777-ga9a30cbeda (webtiles) character file.

Game seed: 5107891935438724705

1736 Dartaoz the Skirmisher (level 8, -9/40 HPs)
             Began as a Spriggan Hunter on Feb 14, 2023.
             Was a Follower of Fedhas.
             Killed from afar by a gargoyle (19 damage)
             ... with a stone arrow
             ... on level 7 of the Dungeon.
             The game lasted 00:12:55 (4859 turns).

Dartaoz the Skirmisher (Spriggan Hunter)            Turns: 4859, Time: 00:12:56

Health: -9/40      AC:  3    Str:  7    XL:     8   Next: 76%
Magic:  10/10      EV: 22    Int: 10    God:    Fedhas [*.....]
Gold:   304        SH:  0    Dex: 27    Spells: 7/7 levels left

rFire   . . .      SeeInvis +    a - +0 shortbow (drain)
rCold   . . .      Faith    .    (shield currently unavailable)
rNeg    . . .      Spirit   .    c - +0 robe
rPois   .          Reflect  .    G - +0 hat
rElec   .          Harm     .    h - +0 cloak
rCorr   .          Rampage  .    (gloves unavailable)
Will    +....                    (boots unavailable)
Stlth   ++++                     (no amulet)
HPRegen 0.26/turn                f - +6 ring of dexterity
MPRegen 0.12/turn                (no ring)

@: very quick
A: very small, no large weapons, unfitting armour, see invisible, speed 3
a: Renounce Religion


You were on level 7 of the Dungeon.
You worshipped Fedhas.
Fedhas was aware of your devotion.
You visited 2 branches of the dungeon, and saw 8 of its levels.

You collected 304 gold pieces.

Inventory:

Hand Weapons
 a - a +0 shortbow of draining (weapon)
Armour
 c - a +0 robe (worn)
 h - a +0 cloak (worn)
 G - a +0 hat (worn)
Jewellery
 f - a +6 ring of dexterity (left hand)
 H - an amulet of guardian spirit
Wands
 n - a wand of light (9)
 w - a wand of mindburst (9)
Scrolls
 b - a scroll of immolation
 d - a scroll of noise {unknown}
 e - a scroll of vulnerability
 j - 5 scrolls of teleportation
 l - a scroll of torment {unknown}
 q - 2 scrolls of acquirement {unknown}
 r - 2 scrolls of brand weapon
 t - a scroll of amnesia {unknown}
 v - 3 scrolls of magic mapping {unknown}
 y - a scroll of silence {unknown}
 C - a scroll of identify
 E - 2 scrolls of enchant armour {unknown}
Potions
 g - a potion of might
 i - 3 potions of haste
 k - 2 potions of degeneration {unknown}
 m - 4 potions of cancellation {unknown}
 o - 2 potions of invisibility {unknown}
 p - 2 potions of flight
 s - 2 potions of brilliance {unknown}
 u - 5 potions of attraction {unknown}
 x - 2 potions of lignification {unknown}
 z - 2 potions of resistance {unknown}
 A - a potion of magic {unknown}
 B - 2 potions of curing {unknown}
 D - a potion of mutation {unknown}
 F - a potion of heal wounds {unknown}


   Skills:
 + Level 3.3 Fighting
 + Level 9.8 Ranged Weapons
 + Level 5.4 Dodging
 + Level 5.6 Stealth
 + Level 2.4 Invocations


You had 7 spell levels left.
You didn't know any spells.
Your spell library contained the following spells:

 Spells                   Type           Power      Damage    Failure   Level
 Beastly Appendage        Tmut           0%         N/A       36%         1
 Freeze                   Ice            0%         1d3       36%         1
 Sandblast                Erth           0%         2d4       36%         1
 Passwall                 Tmut/Erth      0%         N/A       50%         2
 Wereblood                Tmut           0%         N/A       50%         2
 Call Canine Familiar     Summ           0%         N/A       75%         3
 Dazzling Flash           Conj/Hex       0%         N/A       75%         3
 Frozen Ramparts          Ice            0%         1d1       75%         3
 Hailstorm                Conj/Ice       0%         3d3       75%         3
 Portal Projectile        Hex/Tloc       0%         N/A       75%         3
 Spider Form              Tmut/Pois      0%         N/A       75%         3
 Stone Arrow              Conj/Erth      0%         3d7       75%         3
 Leda's Liquefaction      Hex/Erth       0%         N/A       98%         4
 Agony                    Necr           0%         N/A       100%        5
 Silence                  Hex/Air        0%         N/A       100%        5


Dungeon Overview and Level Annotations

Branches:
Dungeon (7/15)             Temple (1/1) D:6

Altars:
Ashenzari
Cheibriados
Dithmenos
Fedhas
Gozag
Hepliaklqana
Kikubaaqudgha
Makhleb
Nemelex Xobeh
Okawaru
Qazlal
Ru
Sif Muna
Trog
Uskayaw
Vehumet
Xom
Yredelemnul
Zin
The Shining One


Innate Abilities, Weirdness & Mutations

You are very small and have problems with some larger weapons.
You are too small for most types of armour.
You have supernaturally acute eyesight. (SInv)
You cover ground extremely quickly. (Speed+++)


Message History

Aim: a gargoyle, wielding a +0 dire flail (moderately damaged, 81% to hit)
You shoot an arrow. The arrow barely misses the gargoyle.
Fire: a) +0 shortbow (drain)
Press: ? - help, Q - select action, (/) - cycle Shift-Dir - straight line, f/p - gargoyle
Aim: a gargoyle, wielding a +0 dire flail (moderately damaged, 81% to hit)
You shoot an arrow. The arrow hits the gargoyle!
The gargoyle is heavily damaged.
Fire: a) +0 shortbow (drain)
Press: ? - help, Q - select action, (/) - cycle Shift-Dir - straight line, f/p - gargoyle
Aim: a gargoyle, wielding a +0 dire flail (heavily damaged, 81% to hit)
You shoot an arrow. The arrow closely misses the gargoyle.
The gargoyle hurls a stone arrow at you.
The stone arrow hits you!
* * * LOW HITPOINT WARNING * * *
Fire: a) +0 shortbow (drain)
Press: ? - help, Q - select action, (/) - cycle Shift-Dir - straight line, f/p - gargoyle
Aim: a gargoyle, wielding a +0 dire flail (heavily damaged, 81% to hit)
You shoot an arrow.
The arrow hits the gargoyle but does no damage.
The gargoyle is heavily damaged.
Fire: a) +0 shortbow (drain)
Press: ? - help, Q - select action, (/) - cycle Shift-Dir - straight line, f/p - gargoyle
Aim: a gargoyle, wielding a +0 dire flail (moderately damaged, 81% to hit)
You shoot an arrow.
The arrow hits the gargoyle but does no damage.
The gargoyle is moderately damaged.
Fire: a) +0 shortbow (drain)
Press: ? - help, Q - select action, (/) - cycle Shift-Dir - straight line, f/p - gargoyle
Aim: a gargoyle, wielding a +0 dire flail (moderately damaged, 81% to hit)
You shoot an arrow. The arrow barely misses the gargoyle.
Fire: a) +0 shortbow (drain)
Press: ? - help, Q - select action, (/) - cycle Shift-Dir - straight line, f/p - gargoyle
Aim: a gargoyle, wielding a +0 dire flail (moderately damaged, 81% to hit)
You shoot an arrow.
The arrow hits the gargoyle but does no damage.
The gargoyle is moderately damaged.
The gargoyle hurls a stone arrow at you.
The stone arrow hits you!!
You die...
Fedhas appreciates your contribution to the ecosystem.

####.# #...... ..# #.# #
.....####.###.#..# .# #.# #
####...<#.###.#..# .# #.##+
.###.####.#......##.# #.##.
..##)####.#.#.#.....# #.# +
..##.)...........##.## #.# #
...).##.#.###....##..####
#.###
#...###.#.###....##.....#
#..#$
#.#.###.........@.......#
##.##
.......##.####......9...####
#... ..#######.#
####........).# ###. ..# #.#
#..)...###.## ## [.# #.#
#...........####.
#.#######.#
#########.#......
..>.....#.# ##.#.>....
#######.#.# #.....####
#........#


You could see a gargoyle.

Vanquished Creatures
  A water moccasin (D:5)
  An ice beast (D:5)
  An orc warrior (D:7)
  A sky beast (D:7)
  2 black bears
  2 ogres (D:5)
  A phantom (D:4)
  3 necrophages
  4 howler monkeys
  4 hounds
  2 orc priests
  A jelly (D:6)
  A gnoll bouda (D:6)
  4 iguanas
  Ijyb (D:4)
  An orc wizard (D:4)
  7 adders
  3 gnolls (D:6)
  3 shadow imps
  3 white imps
  An ufetubus (D:4)
  13 orcs
  4 ball pythons
  3 bats (D:1)
  5 endoplasms
  A giant cockroach (D:1)
  3 hobgoblins
  9 jackals
  4 kobolds
  A quokka (D:1)
  4 frilled lizards
  6 goblins
  4 rats
  A spectral kobold (D:3)
105 creatures vanquished.

Notes
Turn   | Place    | Note
-------+----------+-------------------------------------------
     0 | D:1      | Dartaoz the Spriggan Hunter began the quest for the Orb.
     0 | D:1      | Reached XP level 1. HP: 10/10 MP: 2/2
   141 | D:1      | Found a faded altar of an unknown god.
   249 | D:1      | Reached XP level 2. HP: 14/14 MP: 3/3
   844 | D:2      | Reached skill level 5 in Ranged Weapons
   939 | D:2      | Reached XP level 3. HP: 18/18 MP: 4/4
  1602 | D:3      | Found a hazy altar of Hepliaklqana.
  1753 | D:4      | Noticed a phantom
  1769 | D:4      | Found a shadowy altar of Dithmenos.
  1774 | D:4      | Killed a phantom
  1775 | D:4      | Reached skill level 6 in Ranged Weapons
  1775 | D:4      | Reached XP level 4. HP: 5/22 MP: 5/5
  1775 | D:4      | Reached XP level 5. HP: 5/25 MP: 6/6
  1861 | D:4      | Noticed Ijyb
  1869 | D:4      | Killed Ijyb
  2086 | D:4      | Reached skill level 7 in Ranged Weapons
  2145 | D:4      | Reached XP level 6. HP: 30/30 MP: 7/7
  2330 | D:4      | Found a radiant altar of Vehumet.
  2399 | D:5      | Entered Level 5 of the Dungeon
  2411 | D:5      | Noticed a water moccasin
  2416 | D:5      | Reached skill level 8 in Ranged Weapons
  2418 | D:5      | Killed a water moccasin
  2419 | D:5      | Reached XP level 7. HP: 33/33 MP: 8/8
  2503 | D:5      | Reached skill level 9 in Ranged Weapons
  2997 | D:5      | Reached XP level 8. HP: 39/39 MP: 9/9
  3365 | D:6      | Found a staircase to the Ecumenical Temple.
  3370 | Temple   | Entered the Ecumenical Temple
  3554 | Temple   | Became a worshipper of Fedhas Madash
  3791 | D:6      | Reached skill level 1 in Invocations
  4451 | D:7      | Found an opulent altar of Gozag.
  4529 | D:7      | Reached skill level 5 in Stealth
  4532 | D:7      | Reached skill level 5 in Dodging
  4544 | D:7      | Reached * piety under Fedhas
  4717 | D:7      | Identified the +2 buckler of Winter {Will+}
  4825 | D:7      | Noticed a gargoyle
  4859 | D:7      | Killed from afar by a gargoyle

Illustrated notes

Levels and vault maps discovered:
D:1:      psy_arrival_fountain, layout_basic, basic_ecumenical_altar
D:2:      layout_loops_ring
D:3:      layout_loops_cross, nicolae_hepliaklqana_monster_ancestors
D:4:      layout_basic, nicolae_dithmenos_the_darkroom, marbit_many_paths,
          uniq_ijyb
D:5:      layout_loops_ring, hangedman_decor_lopped
D:6:      layout_basic, temple_doors_e
D:7:      cheibrodos_statue_roulette, layout_basic, nicolae_gozag_seed_capital
Temple:   eino_temple_rhombus

Skill      XL: |  1  2  3  4  5  6  7  8 |
---------------+-------------------------+-----
Ranged Weapons | 5 6 7 8 9 |  9.8
Dodging        | 3 5 |  5.4
Stealth        | 3 5 |  5.6
Fighting       | 2 3 |  3.3
Invocations    | 2 |  2.4

Action                     |  1- 3 |  4- 6 |  7- 9 || total
---------------------------+-------+-------+-------++-------
   Fire: Shortbow          |   119 |    75 |   160 ||   354
    Use: Scroll            |     4 |       |     2 ||     6
 Armour: Robe              |     4 |     3 |     2 ||     9
  Dodge: Dodged            |    49 |    29 |    22 ||   100

Table legend: (Time is in decaauts)
 A = Elapsed time spent in this place.
 B = Non-inter-level travel time spent in this place.
 C = Inter-level travel time spent in this place.
 D = Time resting spent in this place.
 E = Time spent auto-exploring this place.
 F = Levels seen in this place.
 G = Mean time per level.
                   A        B        C        D        E       F      G
               +--------+--------+--------+--------+--------+-----+--------+
         Total |   3221 |   3098 |    123 |      0 |   2409 |   8 |  402.6 |
       Dungeon |   3103 |   2997 |    106 |      0 |   2321 |   7 |  443.3 |
        Temple |    118 |    102 |     16 |      0 |     88 |   1 |  118.0 |
               +--------+--------+--------+--------+--------+-----+--------+

Top non-repeatable levels by time:
     D:6: 707 daAuts
     D:4: 516 daAuts
     D:5: 510 daAuts
     D:2: 395 daAuts
     D:1: 363 daAuts
     D:3: 355 daAuts
     D:7: 254 daAuts
  Temple: 118 daAuts
